Map: Dusk Towers

Players

LilDicky

  • Race: Terran Terran
  • League: Diamond

STuN - Winner!

  • Race: Terran Terran
  • League: Diamond

VOD

http://www.twitch.tv/tumescentpie

Description

Time

  • Played on: Dec. 7, 2015, 9:07 p.m.
  • Length: 11:20
Show
View Real Time Build Order
Export as new Build Order

LilDicky Terran 

Build Orders: Banshee Rush 

Get SALT Encoding   

  12  0:01  SCV  
  13  0:15  SCV  
  13  0:17  Supply Depot  
  14  0:27  SCV  
  15  0:29  Refinery  
  15  0:39  SCV  
  16  0:45  Barracks  
  16  0:51  SCV  
  17  1:04  SCV, Refinery  
  18  1:16  SCV  
  19  1:31  Orbital Command  
  19  1:33  Reaper  
  19  1:35  Supply Depot  
  20  2:05  Factory  
  20  2:16  Marine  
  20  2:17  SCV  
  22  2:33  SCV  
  22  2:34  Marine  
  24  2:40  Command Center  
  24  2:46  SCV  
  24  2:52  Marine  
  24  2:53  Factory Tech Lab  
  24  2:57  Starport  
  25  2:59  SCV  
  26  3:08  Supply Depot  
  26  3:11  SCV  
  27  3:13  Marine  
  28  3:24  SCV  
  29  3:35  Engineering Bay  
  29  3:36  Widow Mine  
  29  3:38  SCV  
  32  3:48  Banshee  
  32  3:49  Cloaking Field  
  32  3:52  Marine  
  32  3:55  Orbital Command  
  36  3:56  SCV  
  36  4:01  Refinery  
  37  4:05  Factory Tech Lab  
  37  4:09  Marine  
  37  4:10  SCV  
  37  4:14  Missile Turret  
  39  4:17  Missile Turret  
  39  4:24  Siege Tank  
  39  4:27  Marine  
  43  4:33  Banshee  
  46  4:44  SCV x2  
  46  4:45  Marine  
  48  4:48  Supply Depot  
  49  4:56  SCV, Siege Tank  
  49  4:57  SCV  
  49  4:58  Factory  
  54  5:09  SCV  
  55  5:25  Viking  
  55  5:26  SCV  
  55  5:29  SCV  
  55  5:33  Command Center  
  56  5:38  SCV  
  57  5:43  Command Center  
  57  5:45  Factory Tech Lab  
  57  5:53  Missile Turret  
  57  5:57  Viking  
  59  6:00  Barracks Reactor  
  59  6:03  Siege Tank  
  62  6:05  Starport  
  62  6:10  SCV x2, Refinery  
  64  6:13  Supply Depot  
  64  6:21  Siege Tank  
  67  6:33  SCV  
  70  6:42  Siege Tank  
  71  6:48  SCV  
  66  6:55  Sensor Tower  
  52  7:05  SCV  
  49  7:14  SCV  
  48  7:17  SCV  
  49  7:27  SCV  
  49  7:29  SCV  
  48  7:32  Orbital Command  
  48  7:39  SCV  
  48  7:41  SCV  
  49  7:51  SCV  
  49  7:53  Missile Turret  
  49  7:55  SCV  
  49  7:56  Viking x2  
  49  7:57  Viking  
  49  7:58  Missile Turret  
  56  8:03  SCV  
  57  8:07  Sensor Tower  
  57  8:08  SCV  
  58  8:15  SCV  
  59  8:20  SCV  
  59  8:26  Viking  
  62  8:27  SCV  
  62  8:32  SCV  
  64  8:39  SCV  
  65  8:43  Siege Tank x2  
  65  8:44  SCV  
  65  8:47  Viking  
  77  8:49  Refinery  
  77  8:51  Refinery  
  77  8:55  Sensor Tower  
  77  8:57  Supply Depot  
  77  9:01  Supply Depot  
  77  9:19  SCV x3  
  77  9:21  Viking x2  
  82  9:24  Hellion x2  
  82  9:30  Supply Depot  
  82  9:31  SCV x3  
  82  9:32  Missile Turret  
  85  9:43  SCV x3  
  88  9:47  Cyclone  
  88  9:48  Barracks Reactor, Factory  
  93  9:52  Hellion  
  93  9:59  Armory  
  93  10:00  SCV  
  94  10:07  SCV x2  
  94  10:12  SCV  
  73  10:36  Hellion x2  
  76  10:44  Refinery  
  82  10:57  SCV x3, Hellion x2  
  91  11:15  Command Center  
Show
View Real Time Build Order
Export as new Build Order

STuN Terran - Winner!

Build Orders: Liberator Opening, MMM Bio 

Get SALT Encoding   

  12  0:00  SCV  
  13  0:12  SCV  
  14  0:17  Supply Depot  
  14  0:25  SCV  
  15  0:39  SCV  
  15  0:40  Barracks  
  16  0:51  SCV  
  17  1:03  SCV  
  18  1:15  SCV  
  18  1:18  Command Center  
  19  1:27  Orbital Command  
  19  1:31  Marine  
  20  1:37  Refinery  
  20  1:43  Refinery  
  20  1:53  Marine  
  21  2:01  Supply Depot  
  21  2:11  Marine  
  21  2:22  SCV, Bunker  
  22  2:30  Marine  
  22  2:32  Factory  
  22  2:34  SCV  
  24  2:39  Orbital Command  
  24  2:58  SCV, Barracks Reactor  
  26  3:05  SCV  
  26  3:10  SCV  
  27  3:16  Engineering Bay  
  27  3:17  Factory Tech Lab  
  27  3:20  Starport  
  27  3:21  SCV  
  28  3:28  SCV  
  28  3:33  SCV  
  30  3:36  Marine x2  
  30  3:37  Cyclone  
  30  3:38  Liberator  
  30  3:40  SCV  
  36  3:45  SCV  
  37  3:49  Refinery  
  37  3:50  Refinery  
  37  3:53  Marine x2  
  39  3:58  SCV  
  43  4:06  Supply Depot  
  43  4:10  Supply Depot  
  43  4:11  SCV  
  43  4:16  SCV  
  45  4:17  Marine  
  46  4:27  Marine  
  46  4:29  Supply Depot  
  47  4:34  Siege Tank  
  47  4:35  SCV, Marine  
  47  4:36  SCV  
  53  4:44  Missile Turret  
  53  4:46  Missile Turret  
  53  4:54  Supply Depot  
  53  5:01  Medivac x2  
  53  5:03  SCV  
  53  5:05  Barracks Tech Lab  
  58  5:10  SCV  
  58  5:24  Siege Tank  
  58  5:25  SCV x2, Stimpack  
  63  5:29  Supply Depot  
  63  5:39  SCV x2  
  65  5:49  Command Center  
  65  5:51  SCV  
  66  6:01  SCV  
  66  6:03  SCV  
  68  6:08  Barracks  
  68  6:09  Siege Tank  
  71  6:11  Barracks  
  71  6:13  SCV, Marine  
  73  6:19  Viking  
  73  6:23  Viking  
  78  6:25  SCV  
  76  6:36  SCV  
  76  6:37  Terran Infantry Weapons Level 1  
  77  6:43  Engineering Bay  
  77  6:46  Siege Tank  
  80  7:00  SCV, Viking, Marine  
  80  7:01  SCV, Viking  
  81  7:02  Barracks Reactor  
  81  7:06  Orbital Command  
  78  7:10  Terran Infantry Armor Level 1  
  78  7:11  Barracks  
  78  7:13  Barracks  
  78  7:14  Supply Depot  
  74  7:22  SCV  
  74  7:23  SCV, Marine  
  67  7:31  Barracks Reactor  
  66  7:38  Medivac  
  66  7:39  Marine x2, Medivac  
  66  7:41  Marine  
  71  7:44  Supply Depot  
  71  7:46  Armory  
  71  7:48  Orbital Command  
  71  7:57  Marine x2  
  73  7:59  Marine x2  
  73  8:02  Barracks Reactor  
  75  8:05  Combat Shields  
  75  8:09  Siege Tank  
  75  8:10  Supply Depot, Marine x2  
  80  8:13  SCV  
  80  8:14  Marine x2  
  80  8:15  SCV  
  80  8:16  Marine  
  80  8:17  Marine  
  86  8:23  Medivac x2  
  90  8:28  Marine  
  90  8:29  Marine  
  90  8:30  SCV x2  
  90  8:32  Marine x2  
  96  8:34  Marine  
  96  8:35  Marine  
  96  8:39  Supply Depot  
  96  8:41  Terran Infantry Weapons Level 2  
  98  8:42  Marine x2  
  98  8:44  SCV  
  98  8:46  SCV x2  
  103  8:51  Siege Tank  
  103  8:53  Marine  
  103  8:54  Marine x3  
  110  8:56  SCV  
  110  8:57  Barracks Reactor  
  111  9:03  SCV  
  111  9:08  SCV  
  113  9:11  SCV, Marine  
  113  9:12  Marine  
  113  9:13  Marine x2  
  113  9:14  Medivac x2, Marine  
  113  9:15  SCV  
  122  9:18  Marine  
  122  9:19  Marine  
  122  9:20  SCV  
  122  9:23  SCV  
  125  9:24  Refinery  
  125  9:26  Refinery  
  125  9:41  Supply Depot  
  125  9:50  Barracks  
  125  9:52  Barracks  
  125  9:57  Supply Depot  
  125  9:59  Supply Depot  
  125  10:03  SCV x2, Marine x6  
  133  10:12  SCV, Marine x3  
  132  10:15  SCV, Medivac x2  
  132  10:20  Marine x6  
  114  10:30  Marine x3  
  112  10:36  SCV  
  112  10:37  SCV  
  112  10:38  Marine x6  
  112  10:39  Siege Tank  
  122  10:45  Medivac x2  
  122  10:47  Marine  
  127  11:00  Barracks Tech Lab  
  127  11:01  Command Center  
  127  11:02  Barracks Tech Lab  
Tags
 
Add a new tag
Caveats
  • Supply blocks, unpowered buildings, or Contaminate may cause inaccurate times.
  • Supply counts are checked every 10 seconds.